 Dungeon Crawl Stone Soup version 0.31-a0-1005-gfbdfbacc72 (webtiles) character file.

Game seed: 18125770950639286049

48 Queen the Grave Robber (level 3, -1/24 HPs)
             Began as a Demonspawn Necromancer on Nov 11, 2023.
             Slain by a gnoll
             ... wielding a +0 whip of electrocution
              (8 damage)
             ... on level 3 of the Dungeon.
             The game lasted 00:02:52 (864 turns).

Queen the Grave Robber (Demonspawn Necromancer)      Turns: 864, Time: 00:02:53

Health: -1/24      AC:  4    Str:  8    XL:     3   Next: 50%
Magic:  1/6        EV: 12    Int: 18    God:
Gold:   59         SH:  0    Dex: 13    Spells: 6/7 levels left

rFire   . . .        c - +0 dagger
rCold   . . .        (no shield)
rNeg    . . .        a - +0 robe
rPois   .            (helmet restricted)
rElec   .            (no cloak)
rCorr   .            (no gloves)
SInv    .            (no boots)
Will    .....        (no amulet)
Stlth   ++           (no ring)
HPRegen 0.24/turn    (no ring)
MPRegen 0.10/turn

%: no passive effects
@: attractive
A: horns 1, thin metallic scales 1
a: no special abilities


You were on level 3 of the Dungeon.
You visited 1 branch of the dungeon, and saw 3 of its levels.

You collected 59 gold pieces.

Inventory:

Hand Weapons
 c - a +0 dagger (weapon)
Armour
 a - a +0 robe (worn)
Scrolls
 d - a scroll of fog {unknown}
 e - 3 scrolls of identify {unknown}
 f - a scroll of immolation {unknown}
Potions
 b - a potion of magic
 g - a potion of lignification


   Skills:
 + Level 2.3 Dodging
 + Level 2.4 Stealth
 + Level 2.5 Spellcasting
 + Level 4.7 Necromancy


You had 6 spell levels left.
You knew the following spells:

 Your Spells              Type           Power      Damage    Failure   Level
a - Necrotise             Necr           76%        1d7       2%          1

Your spell library contained the following spells:

 Spells                   Type           Power      Damage    Failure   Level
 Vampiric Draining        Necr           19%        2d7       8%          3
 Animate Dead             Necr           19%        N/A       24%         4
 Agony                    Necr           19%        N/A       56%         5


Dungeon Overview and Level Annotations

Branches:
Dungeon (2/15)

Altars:


Innate Abilities, Weirdness & Mutations

You have a pair of small horns on your head.
You are partially covered in thin metallic scales. (AC +2)


Message History

Aiming: Necrotise (safe; 2% risk of failure)
Press: ? - help, Q - select action Shift-Dir - straight line, f/p - gnoll
Aim: a gnoll, wielding a +0 flail (almost dead, ally target, chance to affect: 84%)
The gnoll writhes in agony.
The gnoll hits you but does no damage.
You barely miss the gnoll.
The gnoll is almost dead.
The gnoll hits you but does no damage.
Aiming: Necrotise (safe; 2% risk of failure)
Press: ? - help, Q - select action Shift-Dir - straight line, f/p - gnoll
Aim: a gnoll, wielding a +0 flail (almost dead, ally target, chance to affect: 84%)
The gnoll writhes in agony.
You kill the gnoll!
The dead are walking!
You hear the slow rusting of a drain very nearby.
You feel less wooden.
Your +0 robe unmelds from your body.
The hobgoblin hits your gnoll skeleton.
A kobold comes into view. It is wielding a +0 short sword.
The kobold shouts!
The gnoll attacks as it pursues you!
The gnoll hits you with a +0 whip of electrocution.
The hobgoblin hits your gnoll skeleton.
Your gnoll skeleton is destroyed!
The hobgoblin barely misses you. The gnoll attacks as it pursues you!
The gnoll barely misses you.
The hobgoblin attacks as it pursues you!
The hobgoblin hits you but does no damage.
A dart slug comes into view.
The gnoll attacks as it pursues you!
The gnoll hits you with a +0 whip of electrocution.
* * * LOW HITPOINT WARNING * * *
The gnoll attacks as it pursues you! The gnoll misses you.
A frilled lizard comes into view.
The frilled lizard hisses angrily.
An endoplasm comes into view.
The endoplasm moves out of view.
It was a potion of attraction.
You feel attractive to monsters.
The gnoll hits you with a +0 whip of electrocution!
You die...

########## .
#.@...l... #.
#g########
##.###.........
............##..
.......g###.....
.......Z........
...###..###.##.#
#+. #.K# # #
#..###.##.#


You could see a gnoll and a frilled lizard.

Vanquished Creatures
  2 gnolls (D:3)
  2 bats (D:1)
  2 endoplasms (D:1)
  3 goblins (D:1)
  2 hobgoblins (D:1)
  4 kobolds (D:1)
  2 ball pythons (D:1)
  A frilled lizard (D:1)
18 creatures vanquished.

Vanquished Creatures (collateral kills)
  A gnoll (D:3)
1 creature vanquished.

Grand Total: 19 creatures vanquished

Notes
Turn   | Place    | Note
-------+----------+-------------------------------------------
     0 | D:1      | Queen the Demonspawn Necromancer began the quest for the
                  | Orb.
     0 | D:1      | Reached XP level 1. HP: 13/13 MP: 3/3
   321 | D:1      | Gained mutation: You have a pair of small horns on your
                  | head. [demonic ancestry]
   321 | D:1      | Reached XP level 2. HP: 19/19 MP: 0/5
   802 | D:2      | You fall into a shaft and drop 1 floor!
   838 | D:3      | Gained mutation: You are partially covered in thin metallic
                  | scales. (AC +2) [demonic ancestry]
   838 | D:3      | Reached XP level 3. HP: 24/24 MP: 1/6
   864 | D:3      | Slain by a gnoll

Illustrated notes

Levels and vault maps discovered:
D:1:      minmay_arrival_three_doors, layout_loops_ring,
          dreamdust_mushroom_princess, minmay_misc_feat_alley
D:2:      layout_basic, minmay_pentomino_v4, uniq_natasha
D:3:      layout_loops_ring, portal_sewer_entry_c,
          minmay_misc_feat_secret_circle, grunt_decor_arrowhead

Skill      XL: |  1 |
---------------+----+-----
Dodging        | 2 |  2.3
Stealth        | 2 |  2.4
Spellcasting   | |  2.5
Necromancy     | |  4.7

Action                     || total
---------------------------++-------
  Melee: Dagger            ||    40
   Cast: Necrotise         ||    31
    Use: Potion            ||     2
   Stab: Distracted        ||     1
 Armour: Robe              ||    10
         Skin              ||    37
  Dodge: Dodged            ||     7

Table legend: (Time is in decaauts)
 A = Elapsed time spent in this place.
 B = Non-inter-level travel time spent in this place.
 C = Inter-level travel time spent in this place.
 D = Time resting spent in this place.
 E = Time spent auto-exploring this place.
 F = Levels seen in this place.
 G = Mean time per level.
                   A        B        C        D        E       F      G
               +--------+--------+--------+--------+--------+-----+--------+
         Total |    863 |    847 |     16 |     83 |    594 |   3 |  287.7 |
       Dungeon |    863 |    847 |     16 |     83 |    594 |   3 |  287.7 |
               +--------+--------+--------+--------+--------+-----+--------+

Top non-repeatable levels by time:
     D:1: 800 daAuts
     D:3: 61 daAuts
     D:2: 0 daAuts
